 Dungeon Crawl Stone Soup version 0.19.5 (webtiles) character file.

9270 JNO the Blocker (level 11, -3/130 HPs)
             Began as a Minotaur Fighter on Mar 13, 2017.
             Was a Priest of Hepliaklqana.
             Slain by an ice devil (7 damage)
             ... in an ice cave.
             The game lasted 00:37:05 (8141 turns).

JNO the Blocker (Minotaur Fighter)                  Turns: 8141, Time: 00:37:08

Health: -3/130     AC: 25    Str: 22    XL:     11   Next: 20%
Magic:  10/10      EV:  2    Int:  3    God:    Hepliaklqana [***...]
Gold:   471        SH:  0    Dex: 12    Spells: 0 memorised, 10 levels left

rFire  + . .     SeeInvis .     i - +2 spear (pierce)
rCold  + . .     Gourm    .     (armour currently unavailable)
rNeg   + + +     Faith    .     c - +0 shield
rPois  +         Spirit   .     (helmet currently unavailable)
rElec  .         Reflect  .     (cloak currently unavailable)
rCorr  .         Harm     .     (gloves currently unavailable)
MR     .....     NoTele   +     (boots currently unavailable)
Stlth  +.........               q - amulet of magic regeneration
                                d - ring of protection from cold
                                m - ring of protection from fire

@: confused, tree-form
A: (retaliatory headbutt), reduced essence, (horns 0), repulsion field 1, dopey
1, subdued magic 1
a: Recall Ancestor, Ancestor Identity, Transference, Renounce Religion


You were in an ice cave.
You worshipped Hepliaklqana.
Hepliaklqana was most pleased with you.
You were not hungry.
You were a tree.
You visited 2 branches of the dungeon, and saw 10 of its levels.
You also visited: Ice Cave.

You collected 471 gold pieces.

Inventory:

Hand Weapons
 i - a +2 spear of piercing (weapon)
 I - a +0 blowgun
 J - a +0 spear of venom
Missiles
 p - 168 stones (quivered)
 s - 7 exploding tomahawks
 N - 33 poisoned needles
Armour
 c - a +0 shield (worn)
 x - a +0 pair of boots (melded)
 C - a +0 troll leather armour (melded)
 G - the +1 chain mail of the Trees {rElec rN+ MR- Stlth+}
   (You found it on level 5 of the Dungeon)

   It insulates you from electricity.
   It protects you from negative energy.
   It affects your resistance to hostile enchantments.
   It makes you more stealthy.
 O - the +3 leather armour "Wuvvaana" {Dex+6 Stlth+}
   (You found it on level 9 of the Dungeon)

   It affects your dexterity (+6).
   It makes you more stealthy.
 X - a +1 pair of gloves of archery
 Y - a +1 pair of gloves of dexterity (melded)
Jewellery
 d - a ring of protection from cold (right branch)
 m - a ring of protection from fire (left branch)
 q - an amulet of magic regeneration (around neck)
Wands
 t - a wand of flame (48/48)
 D - a wand of flame (21/48)
 H - a wand of slowing (14/48)
 L - a wand of digging (7/24)
 U - a wand of flame (23/48)
Scrolls
 b - 2 scrolls of magic mapping
 f - a scroll of recharging
 h - a scroll of torment {unknown}
 l - 8 scrolls of remove curse {unknown}
 r - a scroll of teleportation
 v - 3 scrolls of amnesia {unknown}
 y - 2 scrolls of enchant weapon
 A - 3 scrolls of fear {unknown}
 E - 2 scrolls of enchant armour {unknown}
 K - 2 scrolls of immolation {unknown}
 T - 2 scrolls of random uselessness {unknown}
 V - a scroll of fog {unknown}
Potions
 a - a potion of cure mutation
 e - 4 potions of curing
 g - a potion of flight
 k - 2 potions of berserk rage
 u - a potion of resistance
 P - a potion of agility {unknown}
 R - a potion of brilliance {unknown}
 W - a potion of invisibility {unknown}
Books
 M - a book of Conjurations

   Spells                             Type                      Level
   a - Magic Dart                     Conjuration                  1
   b - Searing Ray                    Conjuration                  2
   c - Dazzling Spray                 Conjuration/Hexes            3
   d - Fulminant Prism                Conjuration/Hexes            4
   e - Iskenderun's Mystic Blast      Conjuration                  4
   f - Iskenderun's Battlesphere      Conjuration/Charms           5
 Q - a book of Changes

   Spells                             Type                      Level
   a - Beastly Appendage              Transmutation                1
   b - Sticks to Snakes               Transmutation                2
   c - Spider Form                    Transmutation/Poison         3
   d - Ice Form                       Ice/Transmutation            4
   e - Blade Hands                    Transmutation                5
Comestibles
 w - 6 fruits
 F - 3 bread rations
 S - 8 royal jellies


   Skills:
 + Level 9.4 Fighting
 + Level 9.9 Polearms
 - Level 5.1 Throwing
 - Level 8.2 Armour
 + Level 9.0 Dodging
 + Level 9.9 Shields


You had 10 spell levels left.
You didn't know any spells.

Dungeon Overview and Level Annotations

Branches:
Dungeon (9/15)             Temple (0/1) D:6            Lair (1/6) D:9
    Orc: D:9-12

Altars:
Gozag
Hepliaklqana
Ru
Sif Muna
Trog
Xom
Zin
The Shining One

Shops:
D:7 }   D:8 [

Annotations:
D:4 exclusion: downstairs
D:8 exclusion: downstairs IceCv exclusion: ice statue


Innate Abilities, Weirdness & Mutations

((You reflexively headbutt those who attack you in melee.))
((You have a pair of horns on your head.))
Your life essence is reduced. (-10% HP)
You are surrounded by a mild repulsion field. (EV +2)
You are dopey. (Int -2)
Your spells are a little easier to cast, but a little less powerful.


Message History

The ice devil is lightly wounded.
The ice devil closely misses you. The ice devil hits you!
* * * LOW HITPOINT WARNING * * *
The ice devil freezes you! You resist.
* * * LOW HITPOINT WARNING * * *
You're too confused!
You turn into a tree.
Your +1 pair of gloves of dexterity melds into your body.
Your +0 pair of boots melds into your body.
Your +0 troll leather armour melds into your body.
You feel clumsy.
Your roots penetrate the ground.
The ice devil hits you.
* * * LOW HITPOINT WARNING * * *
The ice devil freezes you. You resist.
* * * LOW HITPOINT WARNING * * *
The ice devil hits you but does no damage.
The ice devil hits you.
* * * LOW HITPOINT WARNING * * *
The ice devil freezes you! You resist.
You die...

#.§.... #§§§###....#
#≈§§#..###§.§§##....#
#.§#.##§§§§.§##...##
#§.#.#§..§.#§.##..#.
##...§.§.###§§####.
#.4......# #...###.
#.5.....## ##..#≈.#
##44....# ##....#
#♣4...## ##..##
##...## #### ##.##
###


You could see 4 ice devils and a white imp.

Vanquished Creatures
  Pikel (D:7)
  An ice statue (IceCv)
  The ghost of tyranidshit the Fighter, a novice DsAK of Lugonu (D:5)
  4 ice devils (IceCv)
  A queen bee (D:9)
  Prince Ribbit (D:7)
  4 yaks (D:9)
  A wyvern (D:8)
  A water moccasin (D:9)
  7 ice beasts (Lair:1)
  2 orc warriors
  A phantom (D:8)
  6 ogres
  3 centaurs
  2 crocodiles
  2 big kobolds
  6 bullfrogs
  2 gnoll sergeants
  A water moccasin zombie (D:9)
  A scorpion (D:9)
  3 wights (D:7)
  19 killer bees
  4 crimson imps
  2 bullfrog zombies
  A centaur zombie (D:8)
  A quasit (D:9)
  2 centaur skeletons (D:8)
  2 bullfrog skeletons
  3 hounds
  2 jellies
  4 orc priests
  3 orc wizards
  An iguana (D:7)
  5 worker ants
  9 gnolls
  7 adders
  3 river rats (D:9)
  6 white imps (IceCv)
  4 ufetubi (IceCv)
  2 oozes
  5 adder skeletons
  An adder zombie (D:9)
  A worm (D:4)
  5 dart slugs
  2 leopard geckos
  16 orcs
  5 giant cockroaches
  5 goblins
  5 hobgoblins
  11 jackals
  8 kobolds
  4 quokkas
  16 bats
  A frilled lizard (D:2)
  A jackal skeleton (D:7)
  A quokka skeleton (D:8)
  6 rats
224 creatures vanquished.

Vanquished Creatures (collateral kills)
  A two-headed ogre (D:9)
  A troll (D:8)
  A hippogriff (D:8)
  A hungry ghost (D:7)
  A phantom (D:9)
  An ice beast (Lair:1)
  2 bullfrogs (D:7)
  A scorpion (D:4)
  A quasit (D:6)
  2 orc wizards
  3 worker ants
  A hound skeleton (D:8)
  A gnoll (D:6)
  2 adders
  A white imp (IceCv)
  An ufetubus (IceCv)
  8 orcs
  A bat (D:9)
  A giant cockroach (D:5)
  3 jackals
  2 kobolds (D:7)
  3 rats
39 creatures vanquished.

Vanquished Creatures (others)
  A reaper (IceCv)
  A slave (D:7)
  2 hexers
  2 white imps (IceCv)
  3 ancestors (D:5)
  2 ufetubi (IceCv)
  11 fungi (D:9)
  6 plants (D:9)
28 creatures vanquished.

Grand Total: 291 creatures vanquished

Notes
Turn   | Place    | Note
-------+----------+-------------------------------------------
     0 | D:1      | JNO the Minotaur Fighter began the quest for the Orb.
     0 | D:1      | Reached XP level 1. HP: 19/19 MP: 0/0
   368 | D:1      | Reached XP level 2. HP: 21/27 MP: 1/1
   662 | D:1      | Reached XP level 3. HP: 33/33 MP: 2/2
  1182 | D:2      | Found a hazy altar of Hepliaklqana.
  1189 | D:2      | Became a worshipper of Hepliaklqana the Forgotten
  1820 | D:3      | Reached XP level 4. HP: 36/36 MP: 3/3
  2517 | D:3      | Reached XP level 5. HP: 39/42 MP: 4/4
  2518 | D:3      | Reached skill level 5 in Shields
  2676 | D:4      | Reached skill level 5 in Fighting
  2815 | D:4      | Reached skill level 5 in Armour
  2815 | D:4      | Reached XP level 6. HP: 50/50 MP: 5/5
  2884 | D:4      | Reached * piety under Hepliaklqana
  2904 | D:4      | Reached skill level 1 in Dodging
  3136 | D:4      | Found a deep blue altar of Sif Muna.
  3151 | D:4      | Found a glowing silver altar of Zin.
  3416 | D:5      | Entered Level 5 of the Dungeon
  3423 | D:5      | Reached skill level 1 in Throwing
  3425 | D:5      | Noticed tyranidshit's ghost (novice DsAK)
  3435 | D:5      | Reached skill level 5 in Polearms
  3618 | D:5      | Killed tyranidshit's ghost
  3618 | D:5      | Reached XP level 7. HP: 36/54 MP: 6/6
  3964 | D:5      | Reached XP level 8. HP: 37/61 MP: 7/7
  4501 | D:5      | Got a faintly humming chain mail
  4512 | D:5      | Identified the +1 chain mail of the Trees {rElec rN+ MR- Stlth+} (You found it on level 5 of the Dungeon)
  4564 | D:5      | Found a sacrificial altar of Ru.
  4849 | D:6      | Found a shimmering altar of Xom.
  4913 | D:6      | Gained mutation: You are dopey. (Int -2) [potion of mutation]
  4913 | D:6      | Gained mutation: You are surrounded by a mild repulsion field. (EV +2) [potion of mutation]
  4913 | D:6      | Gained mutation: Your spells are a little easier to cast, but a little less powerful. [potion of mutation]
  4955 | D:6      | Found a staircase to the Ecumenical Temple.
  4970 | D:6      | Reached ** piety under Hepliaklqana
  4985 | D:6      | Reached skill level 5 in Throwing
  4999 | D:6      | Remembered your ancestor Boggins as a hexer
  5055 | D:7      | Found an opulent altar of Gozag.
  5142 | D:7      | Reached XP level 9. HP: 50/70 MP: 8/8
  5290 | D:7      | Reached skill level 5 in Dodging
  5435 | D:7      | Found Joackyskesm's Gadget Shop.
  5504 | D:7      | Noticed Pikel
  5521 | D:7      | Killed Pikel
  5574 | D:7      | Noticed Prince Ribbit
  5596 | D:7      | Killed Prince Ribbit
  5931 | D:8      | Found a glowing golden altar of the Shining One.
  6117 | D:8      | Found a bloodstained altar of Trog.
  6276 | D:8      | Reached XP level 10. HP: 72/75 MP: 9/9
  6280 | D:8      | Found Girupuib's Antique Armour Boutique.
  6836 | D:9      | Reached *** piety under Hepliaklqana
  7245 | D:9      | Got a twisted leather armour
  7257 | D:9      | Identified the +3 leather armour "Wuvvaana" {Dex+6 Stlth+} (You found it on level 9 of the Dungeon)
  7533 | D:9      | Found a staircase to the Lair.
  7614 | Lair:1   | Entered Level 1 of the Lair of Beasts
  7712 | Lair:1   | Found a frozen archway.
  7735 | Lair:1   | Reached XP level 11. HP: 87/87 MP: 10/10
  7753 | IceCv    | Entered an ice cave
  7879 | IceCv    | Killed a reaper
  8141 | IceCv    | HP: 4/130 [ice devil (3)]
  8141 | IceCv    | Slain by an ice devil

Skill      XL: |  1  2  3  4  5  6  7  8  9 10 11 |
---------------+----------------------------------+-----
Shields        | 4 5 8 9 |  9.9
Fighting       | 4 5 6 9 |  9.4
Polearms       | 3 4 5 6 7 8 9 |  9.9
Armour         | 4 5 7 8 |  8.2
Dodging        | 3 4 7 8 9 |  9.0
Throwing       | 2 3 5 |  5.1

Action                   |  1- 3 |  4- 6 |  7- 9 | 10-12 || total
-------------------------+-------+-------+-------+-------++-------
Melee: Trident           |    64 |    74 |       |       ||   138
       Headbutt          |    11 |    30 |    42 |    80 ||   163
       Spear             |       |    46 |   292 |   400 ||   738
Invok: Ancestor Life: He |       |       |     1 |       ||     1
       Ancestor Identity |       |       |     1 |       ||     1
  Use: Scroll            |       |     8 |     7 |     2 ||    17
       Potion            |       |     5 |     3 |     8 ||    16
 Stab: Distracted        |     1 |       |     2 |     2 ||     5
       Confused          |       |       |     1 |     3 ||     4
       Sleeping          |       |       |       |     3 ||     3
  Eat: Chunk             |     1 |       |     5 |     1 ||     7
       Meat ration       |     1 |       |       |     1 ||     2
       Bread ration      |       |     1 |       |     1 ||     2
       Beef jerky        |       |       |     1 |       ||     1
Armor: Scale mail        |    21 |    41 |    14 |       ||    76
       Chain mail        |       |       |    42 |     6 ||    48
       Troll leather arm |       |       |       |    17 ||    17
       Leather armour    |       |       |       |     2 ||     2
       Skin              |       |       |       |     1 ||     1
Dodge: Dodged            |    11 |    31 |    79 |   143 ||   264
Block: Shield            |    22 |    59 |   114 |   134 ||   329
